Map: Oceanborn LE

Players

ClockworK - Winner!

  • Race: Terran Terran
  • League: Diamond
  • Spawn Location: 11:00

SubN

  • Race: Zerg Zerg
  • League: Diamond
  • Spawn Location: 5:00

VOD

Have the link to the VOD?

Description

Time

  • Played on: Dec. 24, 2023, 7:07 p.m.
  • Length: 12:17
Show
View Real Time Build Order
Export as new Build Order

ClockworK Terran - Winner!

Build Orders: Reaper Expand, Hellion Banshee 

Get SALT Encoding   

  12  0:00  SCV  
  13  0:12  SCV  
  14  0:18  Supply Depot  
  14  0:24  SCV  
  15  0:39  SCV  
  15  0:40  Barracks  
  16  0:45  Refinery  
  16  0:51  SCV  
  17  1:04  SCV  
  18  1:16  SCV  
  19  1:28  Orbital Command, Reaper  
  20  1:38  Command Center  
  20  1:48  Supply Depot  
  20  1:53  SCV  
  21  2:04  Marine  
  21  2:05  Factory, SCV  
  23  2:18  SCV  
  24  2:23  Barracks Reactor  
  24  2:32  SCV  
  25  2:44  SCV  
  26  2:57  SCV  
  27  2:58  Orbital Command  
  27  2:59  Command Center  
  26  3:10  Starport, Barracks Tech Lab  
  26  3:11  Hellion x2  
  28  3:28  Marine  
  28  3:32  Hellion x2  
  33  3:46  Marine  
  31  3:53  Hellion x2  
  25  4:15  Hellion x2, Orbital Command  
  29  4:26  SCV  
  30  4:32  Banshee  
  30  4:38  Orbital Command, SCV  
  34  4:44  SCV  
  35  4:50  SCV  
  36  4:54  Barracks Tech Lab  
  36  4:56  SCV  
  37  5:02  SCV  
  37  5:03  Hellion x2  
  37  5:04  SCV  
  43  5:08  SCV  
  44  5:14  SCV  
  45  5:24  SCV  
  44  5:31  SCV x2  
  44  5:32  Hellion x2  
  44  5:33  Marauder  
  52  5:36  Barracks, SCV  
  52  5:37  Barracks  
  53  5:43  SCV x2  
  53  5:46  Viking  
  53  5:48  SCV  
  58  5:53  Refinery x2  
  58  5:55  Refinery, SCV x2  
  60  6:00  SCV  
  61  6:07  Supply Depot  
  61  6:10  Supply Depot  
  61  6:11  SCV x2  
  63  6:13  SCV  
  64  6:23  SCV x2  
  64  6:24  Barracks Reactor  
  64  6:25  Barracks Tech Lab  
  65  6:27  Supply Depot x2  
  52  6:48  SCV x2  
  52  6:51  Orbital Command  
  56  6:58  Stimpack, Combat Shield  
  56  7:00  Marauder  
  58  7:01  Marauder, Marine x2  
  58  7:04  SCV x2  
  62  7:08  Engineering Bay  
  62  7:10  Engineering Bay  
  62  7:16  SCV x2  
  62  7:19  Barracks, Marine x2  
  62  7:22  Marauder, SCV  
  69  7:28  SCV x2  
  71  7:34  SCV  
  72  7:38  Marine x2  
  72  7:39  Marauder  
  72  7:40  SCV x2  
  72  7:43  Marine  
  79  7:46  SCV  
  79  7:50  Terran Infantry Weapons Level 1  
  80  7:52  SCV x2, Medivac x2  
  80  7:55  Marine  
  80  7:56  Marine  
  80  7:58  SCV  
  89  8:04  Missile Turret, SCV x2  
  91  8:10  SCV  
  91  8:12  Barracks Reactor  
  92  8:14  Barracks  
  92  8:17  Marine x3  
  92  8:18  Marauder  
  92  8:19  Siege Tank  
  100  8:23  SCV  
  101  8:43  Supply Depot  
  101  8:44  Supply Depot  
  101  8:47  Marine x2, SCV  
  101  8:48  Marauder x2, SCV  
  108  8:55  Armory  
  109  8:58  Refinery, Engineering Bay  
  109  8:59  Supply Depot  
  109  9:00  Supply Depot  
  109  9:03  Barracks Tech Lab  
  109  9:05  Marine x4, SCV x3  
  109  9:06  Siege Tank  
  109  9:09  Marauder x2  
  123  9:14  Medivac  
  125  9:19  Supply Depot  
  125  9:21  Supply Depot, SCV x3, Medivac  
  125  9:22  Marine x2  
  132  9:28  Marine x2  
  132  9:29  Marauder  
  132  9:31  Marauder x2  
  140  9:35  Missile Turret  
  140  9:40  Marine x2  
  140  9:42  SCV  
  143  9:46  Marine x2  
  143  9:50  Marauder  
  143  9:51  Marine  
  143  9:52  Marauder, SCV  
  151  9:55  Siege Tank, Medivac  
  151  9:57  Refinery  
  151  9:58  Marine  
  157  10:00  Supply Depot  
  157  10:02  Supply Depot  
  157  10:04  Marine  
  157  10:22  Marauder x2, Marine x4  
  157  10:24  Marine  
  157  10:25  Supply Depot  
  166  10:40  Marauder, Marine  
  156  10:44  Marauder  
  156  10:49  Marauder, Marine x3  
  161  10:55  Siege Tank, Medivac x2  
  168  10:57  Marine  
  168  11:01  Marauder  
  171  11:05  Marauder  
  171  11:06  Marine  
  171  11:07  Marine x2  
  171  11:11  Marauder  
  178  11:15  Barracks, Marine  
  178  11:16  Barracks  
  179  11:23  Marauder  
  179  11:24  Marine x2  
  179  11:25  Marine  
  184  11:32  Marine  
  184  11:33  Marauder  
  186  11:41  Marine  
  186  11:42  Marine  
  186  11:43  Marine x2  
  186  11:44  Marauder  
  188  11:53  Marauder  
  194  11:54  Marine  
  194  11:59  Marine  
Show
View Real Time Build Order
Export as new Build Order

SubN Zerg 

Build Orders: Pool First 

Get SALT Encoding   

  12  0:00  Drone  
  13  0:12  Overlord  
  13  0:18  Drone  
  14  0:30  Drone x2  
  14  0:33  Drone  
  17  0:38  Extractor  
  16  0:44  Drone  
  17  0:50  Spawning Pool  
  17  0:56  Drone  
  17  1:06  Drone  
  18  1:23  Hatchery  
  17  1:26  Drone  
  17  1:30  Drone  
  19  1:39  Metabolic Boost  
  19  1:48  Queen  
  21  1:54  Overlord  
  21  1:59  Zergling x2  
  22  2:07  Overlord  
  22  2:15  Zergling x2  
  23  2:22  Zergling x2  
  24  2:24  Pneumatized Carapace  
  23  2:36  Zergling x4  
  25  2:39  Queen  
  26  2:44  Zergling x2  
  26  2:47  Zergling x2  
  27  2:58  Zergling x4  
  29  3:05  Zergling x2  
  29  3:06  Zergling x4  
  29  3:09  Drone x2  
  33  3:32  Zergling x2  
  33  3:33  Zergling x6  
  32  3:58  Drone  
  32  3:59  Drone x4  
  34  4:16  Drone x3  
  36  4:27  Queen  
  36  4:28  Queen  
  36  4:30  Spine Crawler  
  39  4:39  Drone x4  
  39  4:40  Overlord  
  39  4:42  Overlord  
  39  4:43  Overlord  
  43  4:57  Overlord, Hatchery  
  42  5:01  Overlord  
  42  5:13  Zergling x6  
  45  5:15  Queen  
  46  5:31  Spore Crawler  
  46  5:33  Spore Crawler  
  44  5:36  Lair  
  44  5:39  Drone x10  
  54  5:48  Zergling x6  
  54  5:49  Zergling x2  
  58  6:09  Queen  
  51  6:52  Roach Warren  
  50  6:54  Extractor  
  50  6:55  Hatchery, Evolution Chamber  
  50  6:58  Drone x3, Evolution Chamber, Extractor  
  50  6:59  Drone x2, Extractor  
  50  7:00  Drone x2  
  51  7:12  Overseer  
  51  7:19  Queen, Spore Crawler  
  51  7:21  Zerg Missile Weapons Level 1  
  52  7:24  Drone x2  
  52  7:25  Drone x2  
  52  7:26  Drone  
  52  7:29  Zerg Ground Armor Level 1  
  57  7:33  Drone x4  
  61  7:47  Drone x7  
  61  7:49  Spore Crawler  
  61  7:50  Glial Reconstitution  
  67  7:53  Drone  
  68  8:01  Hydralisk Den  
  68  8:04  Extractor x2  
  65  8:06  Drone  
  65  8:07  Drone x2  
  65  8:08  Drone x3  
  65  8:09  Drone x4  
  65  8:10  Queen  
  77  8:26  Roach  
  81  8:27  Roach  
  81  8:31  Overlord  
  81  8:32  Overlord x3  
  81  8:47  Overlord x4  
  81  8:48  Overlord  
  81  8:59  Ravager x2  
  81  9:02  Muscular Augments  
  83  9:11  Drone x3  
  83  9:12  Hydralisk  
  83  9:13  Hydralisk x5  
  98  9:21  Overseer  
  98  9:23  Overseer x3, Hatchery, Spore Crawler  
  96  9:32  Zergling x2  
  97  9:43  Hydralisk  
  97  9:44  Hydralisk x12  
  123  9:58  Zergling x2, Extractor  
  123  10:04  Drone  
  123  10:06  Grooved Spines  
  124  10:11  Overlord x5  
  124  10:19  Infestation Pit  
  123  10:21  Overlord  
  123  10:22  Overlord  
  118  10:46  Zergling x32  
  122  10:57  Roach x2  
  122  10:58  Roach  
  126  11:16  Roach x5  
  134  11:20  Queen x3  
  140  11:31  Hatchery  
  135  11:46  Roach x2  
  135  11:47  Roach x11  
Tags
 
Add a new tag
Caveats
  • Supply blocks, unpowered buildings, or Contaminate may cause inaccurate times.
  • Supply counts are checked every 10 seconds.